AoeStats
← Green Assassin

African Clearing

505000432Analyzed
4v4 RM · 24d ago on Sep 7, 2026· 50m 18s· 8 players
Game mode
Random Map
Map size
Large (8 player)
Population
200
Speed
Normal
Resources
Standard
Victory
Conquest
Starting age
Dark Age
Ending age
Imperial Age
RankedLock teamsTeams togetherTeam positionsShared explorationLock speedFull tech treeHidden civsTurbo modeCheats
Victory
Defeat
🇺🇸 Huns · United States
1238
+15
🇨🇱 Mapuche · Chile
1231
+15
🇨🇦 Vietnamese · Canada
1138
+19
🇩🇪 Georgians · Germany
1126
+20
🇨🇴 Magyars · Colombia
1237
-18
🇹🇼 Jurchens · Taiwan
1206
-17
🇨🇳 Italians · China
1204
-17
1203
-17
觀陣圖~掌兵勢~將相之才
12:55 Feudal Age
14:47 Loom
14:48 Town Watch
17:08 Wheelbarrow
24:13 Castle Age
29:37 Double-Bit Axe
33:41 Scale Barding Armor
33:47 Forging
33:46 Fletching
34:04 Husbandry
45:22 Hand Cart
46:50 Horse Collar
47:25 Bow Saw
48:01 Heavy Plow
47:43 Light Cavalry
48:34 Bloodlines
Guoda Statham
10:58 Loom
12:43 Feudal Age
15:04 Double-Bit Axe
15:01 Horse Collar
17:43 Castle Age
20:32 Fletching
21:03 Crossbowman
22:49 Bow Saw
24:43 Bodkin Arrow
26:03 Wheelbarrow
25:16 Town Watch
26:47 Ballistics
29:06 Gold Mining
30:28 Padded Archer Armor
38:09 Imperial Age
36:07 Hand Cart
36:01 Elite Skirmisher
36:36 Treadmill Crane
37:14 Thumb Ring
37:47 Leather Archer Armor
38:44 Scale Barding Armor
38:12 Arbalester
38:53 Bracer
39:14 Heavy Plow
40:40 Chemistry
40:32 Ring Archer Armor
40:05 Husbandry
40:16 Bloodlines
40:44 Forging
41:07 Light Cavalry
43:00 Conscription
43:32 Hussar
45:08 Chain Barding Armor
le Julianchy
5:59 Loom
13:33 Feudal Age
17:35 Castle Age
15:49 Double-Bit Axe
18:35 Bow Saw
19:24 Horse Collar
22:51 Fletching
23:40 Bodkin Arrow
24:23 Padded Archer Armor
25:53 Ballistics
28:17 Husbandry
29:26 Bloodlines
31:15 Wheelbarrow
33:03 Thumb Ring
35:28 Hand Cart
36:04 Town Watch
40:44 Scale Mail Armor
40:59 Leather Archer Armor
40:35 Pikeman
42:58 Chain Mail Armor
46:24 Light Cavalry
48:31 Gold Mining
48:31 Stone Mining
TTAITAI
14:09 Feudal Age
12:57 Loom
14:40 Double-Bit Axe
23:19 Castle Age
21:36 Horse Collar
23:09 Bloodlines
23:09 Gold Mining
23:10 Stone Mining
24:52 Bow Saw
28:30 Heavy Plow
29:12 Wheelbarrow
40:06 Imperial Age
40:09 Hand Cart
41:05 Husbandry
40:35 Elite Steppe Lancer
41:27 Scale Barding Armor
43:51 Chain Barding Armor
43:42 Forging
46:42 Plate Barding Armor
46:47 Iron Casting
47:43 Light Cavalry
BiggM4k
8:20 Loom
15:14 Feudal Age
20:19 Castle Age
18:25 Double-Bit Axe
20:17 Fishing Lines
24:24 Wheelbarrow
24:06 Bow Saw
23:47 Horse Collar
25:34 Fletching
26:01 Padded Archer Armor
26:30 Gillnets
28:31 Hand Cart
28:28 Bodkin Arrow
33:18 Imperial Age
33:04 Ballistics
34:01 Bracer
36:22 Leather Archer Armor
38:15 Thumb Ring
39:32 Ring Archer Armor
39:28 Gold Mining
39:21 Elite Skirmisher
43:29 Chemistry
42:26 Imperial Skirmisher
46:19 Two-Man Saw
Zenar
6:57 Loom
14:13 Feudal Age
16:00 Double-Bit Axe
20:39 Castle Age
18:56 Horse Collar
19:47 Fletching
19:58 Padded Archer Armor
20:44 Scale Barding Armor
20:49 Forging
22:01 Bow Saw
28:06 Husbandry
31:40 Wheelbarrow
34:40 Chain Barding Armor
37:47 Iron Casting
38:02 Bloodlines
38:34 Heavy Plow
44:57 Imperial Age
42:39 Marauders
42:07 Light Cavalry
45:01 Elite Skirmisher
47:47 Plate Barding Armor
48:13 Blast Furnace
47:07 Fletching
47:55 Bodkin Arrow
48:02 Padded Archer Armor
49:06 Conscription
49:47 Hand Cart
Green Assassin
4:13 Loom
14:29 Feudal Age
22:05 Castle Age
20:21 Double-Bit Axe
20:56 Horse Collar
29:58 Wheelbarrow
30:54 Bow Saw
31:27 Fishing Lines
33:27 Husbandry
33:38 Bloodlines
34:46 Scale Barding Armor
34:52 Forging
36:37 Svan Towers
36:26 Fletching
37:41 Gillnets
44:51 Imperial Age
43:01 Chain Barding Armor
45:18 Iron Casting
44:39 Bodkin Arrow
45:07 Elite Monaspa
47:55 Conscription
48:45 Plate Barding Armor
49:52 Aznauri Cavalry
51:28 Blast Furnace
50:41 Gold Mining
50:43 Stone Mining
Monolito
9:12 Loom
11:47 Feudal Age
15:39 Stone Mining
15:32 Horse Collar
28:07 Castle Age
26:24 Padded Archer Armor
26:13 Double-Bit Axe
27:15 Gold Mining
28:33 Fletching
31:04 Bow Saw
33:34 Wheelbarrow
34:09 Heavy Plow
39:19 Bodkin Arrow
42:12 Leather Archer Armor
52:22 Imperial Age
51:03 Gold Shaft Mining
Connection lost

Rejoining the realm…

Still unreachable

The connection could not be restored.

Session expired

The server has moved on; the page needs a fresh start.